 Dungeon Crawl Stone Soup version 0.17-a0-1830-g81820eb (webtiles) character file.

721 Gorice the Ducker (level 7, -8/50 HPs)
             Began as an Octopode Wanderer on Sept 13, 2015.
             Shot with an arrow by a centaur (16 damage)
             ... on level 5 of the Dungeon.
             The game lasted 00:22:15 (5665 turns).

Gorice the Ducker (Octopode Wanderer)               Turns: 5665, Time: 00:22:16

Health: -8/50      AC:  1    Str: 10    XL:     7   Next: 70%
Magic:  10/10      EV: 16    Int: 12    God:
Gold:   281        SH:  0    Dex: 17    Spells: 0 memorised, 10 levels left

rFire  . . .     SeeInvis +     a - +3 dagger
rCold  . . .     Clarity  .     (no shield)
rNeg   . . .     SustAt   .     (helmet restricted)
rPois  .         Gourm    .     (no amulet)
rElec  .         Spirit   .     r - ring of see invisible
rCorr  .         Warding  .     (no ring)
rMut   .         Stasis   .     (no ring)
MR     .....                    (no ring)
Stlth  +++.......               (no ring)
                                (no ring)
                                (no ring)
                                (no ring)

@: not resistant to hostile enchantments, fairly stealthy
A: almost no armour, amphibious, 8 rings, constrict 8, camouflage 1, gelatinous
body 1
a: no special abilities


You were on level 5 of the Dungeon.
You were not hungry.

You visited 2 branches of the dungeon, and saw 6 of its levels.

You collected 281 gold pieces.

Inventory:

Hand weapons
 a - a +3 dagger (weapon)
 b - a +0 glaive
 g - a +0 hand axe
 i - a +0 trident
 l - a cursed -3 trident
 x - a +0 mace of protection
   (You found it on level 3 of the Dungeon)
 y - a cursed -1 mace
 C - a +1 dagger of speed
   (You took it off an orc wizard on level 5 of the Dungeon)
 G - a +0 quarterstaff
Missiles
 o - 32 bolts
 v - 59 arrows
 w - 5 tomahawks (quivered)
 B - 16 poisoned bolts
 Z - 85 stones
Jewellery
 r - a ring of see invisible (left tentacle)
 D - an uncursed amulet of stasis
Magical devices
 A - a wand of lightning (7)
Scrolls
 d - 2 scrolls of teleportation {!r}
 j - 2 scrolls of enchant armour
 p - 3 scrolls of magic mapping {!r}
 u - a scroll of remove curse
 I - 4 scrolls of identify
 J - a scroll of enchant weapon
Potions
 f - a potion of cancellation {!q}
 h - 4 potions of flight
 k - 4 potions of curing
 n - a potion of heal wounds {!q}
 t - a potion of haste {unknown}
 z - 2 potions of magic {!q}
 H - a potion of agility {unknown}
Books
 c - Pefatt's Disquisition on Displacement

   Spells                             Type                      Level
   a - Apportation                    Translocation                1
   b - Teleport Other                 Translocation                3
Comestibles
 e - 3 bread rations {!e}
 m - 3 beef jerkies
 q - 13 chunks of flesh
 s - a fruit


   Skills:
 + Level 5.6 Fighting
 - Level 1.0 Throwing
 + Level 5.8 Dodging
 - Level 2.6 Stealth
 - Level 2.0 Spellcasting
   Level 2.0 Charms
   Level 1.0 Summonings
 - Level 1.1 Evocations


You had 10 spell levels left.
You didn't know any spells.

Dungeon Overview and Level Annotations

Branches:
Dungeon (5/15)             Temple (1/1) D:5

Altars:
Ashenzari
Cheibriados
Dithmenos
Gozag
Kikubaaqudgha
Makhleb
Nemelex Xobeh
Okawaru
Qazlal
Sif Muna
Xom
Yredelemnul
Zin
The Shining One
Lugonu

Annotations:
D:3 vpUX: Yiuf's house, 1 exclusion
D:4 exclusion: ogre


Innate Abilities, Weirdness & Mutations

You cannot wear most types of armour.
You are amphibious.
You can wear up to eight rings at the same time.
You can use your tentacles to constrict eight enemies at once.
Your skin changes colour to match your surroundings (Stealth).
Your rubbery body absorbs attacks (AC +1).


Message History

The magic dart hits you!
Damage: 8 (max 8)
You hit the orc wizard.
The orc wizard is heavily wounded.
You constrict the orc wizard.
The orc wizard hits you but does no damage.
You hit the orc wizard.
The orc wizard is severely wounded.
You constrict the orc wizard. The orc wizard casts a spell at you.
The puff of frost hits you!
* * * LOW HITPOINT WARNING * * *
Damage: 5 (max 8)
You hit the orc wizard.
You kill the orc wizard!
Things that are here:
a dagger; a robe; an orc corpse You butcher the orc corpse.
q - 5 chunks of flesh (gained 2)
Things that are here:
a dagger; a robe
Things that are here:
a dagger; a robe; an orc corpse You butcher the orc corpse.
q - 8 chunks of flesh (gained 3)
Things that are here:
a dagger; a robe
Items here: )) [[ ††
Okay, then.
Butcher an orc corpse? [(y)es/(c)hop/(n)o/(a)ll/(q)uit/?]
You butcher the orc corpse. x2
q - 12 chunks of flesh (gained 4);
q - 13 chunks of flesh (gained 1)
Items here: )) [[ a dagger; a robe; a dagger of speed; a robe
C - a dagger of speed Wield which item (- for none, * to show all)? (? for menu, Esc to quit)
Your tentacles tingle!
C - a +1 dagger of speed (weapon)
Wield which item (- for none, * to show all)? (? for menu, Esc to quit)
a - a +3 dagger (weapon)
You start resting.
A centaur comes into view.
The centaur shouts!
The centaur wields a shortbow.
The centaur shoots an arrow.
The arrow hits you!
* * * LOW HITPOINT WARNING * * *
Things that are here:
an arrow; a dagger; a robe; Damage: 15 (max 15) Unknown command.
The centaur shoots an arrow.
The arrow hits you!
You die...

#.########.#####.###.## .
#..........#.....#...#
o#######.##########.#..#.#.######
.(...........# #.#.c.#........
#o########.#.######.#..#...######
##............)........##..).).#
#.............#####...###.####.#
....####.#.#..###)....###.# .#
................@(#)..##..# .#
###################..###.## .#
#...§.............#..# #.# .#
#.................#..# #.# .#
#.§...§§.......§..#..# #.# .#
#.................#..###.#
#..§..............#..##..#
#.................#.###.##
#.................8.##..#


You could see a centaur.

Vanquished Creatures
  2 hounds
  2 crimson imps
  2 orc priests (D:5)
  A gnoll shaman (D:4)
  Ijyb (D:2)
  A giant frog skeleton (D:4)
  7 orc wizards
  A worker ant (D:5)
  A hound zombie (D:5)
  6 gnolls
  5 adders
  An ooze (D:4)
  2 adder skeletons (D:4)
  3 worms
  6 giant geckos
  17 orcs
  2 ball pythons (D:3)
  9 bats
  5 giant cockroaches
  7 hobgoblins
  A giant cockroach zombie (D:5)
  6 giant newts
  6 goblins
  3 kobolds
  5 quokkas
  7 rats
109 creatures vanquished.

Notes
Turn   | Place    | Note
--------------------------------------------------------------
     0 | D:1      | Gorice the Octopode Wanderer began the quest for the Orb.
     0 | D:1      | Gorice set off with: a +2 dagger, a potion of heal wounds {!q}, Pefatt's Disquisition on Displacement, a scroll of teleportation {!r}, a bread ration {!e}
     0 | D:1      | Reached XP level 1. HP: 11/11 MP: 3/3
     0 | D:1      | Identified Pefatt's Disquisition on Displacement
    71 | D:1      | Reached skill level 1 in Fighting
    71 | D:1      | Reached XP level 2. HP: 13/18 MP: 5/5
   110 | D:1      | HP: 3/18 [hobgoblin (4)]
   115 | D:1      | HP: 2/18 [bat (1)]
   131 | D:1      | HP: 5/18 [kobold/short sword (6)]
   208 | D:1      | HP: 4/18 [kobold/short sword (4)]
   512 | D:1      | Reached skill level 2 in Dodging
   725 | D:1      | Reached XP level 3. HP: 23/23 MP: 6/6
  1567 | D:2      | Reached skill level 2 in Fighting
  1976 | D:3      | Noticed Ijyb
  2011 | D:2      | Killed Ijyb
  2011 | D:2      | Reached skill level 3 in Dodging
  2011 | D:2      | Reached XP level 4. HP: 25/30 MP: 7/7
  2101 | D:3      | HP: 9/30 [poisoned by an adder]
  2430 | D:3      | Reached XP level 5. HP: 13/36 MP: 8/8
  2814 | D:3      | Reached skill level 3 in Fighting
  2878 | D:3      | Reached skill level 4 in Dodging
  2895 | D:3      | Found a deep blue altar of Sif Muna.
  2991 | D:3      | Found a sparkling altar of Nemelex Xobeh.
  3124 | D:3      | Reached XP level 6. HP: 31/42 MP: 9/9
  3853 | D:3      | Reached skill level 4 in Fighting
  4033 | D:3      | HP: 12/43 [gnoll (4)]
  4399 | D:4      | Found a shimmering altar of Xom.
  4400 | D:4      | Found a burning altar of Makhleb.
  4548 | D:4      | Reached skill level 5 in Dodging
  4644 | D:4      | Reached XP level 7. HP: 49/49 MP: 10/10
  4859 | D:5      | Entered Level 5 of the Dungeon
  5093 | D:5      | Found a staircase to the Ecumenical Temple.
  5195 | Temple   | Entered the Ecumenical Temple
  5287 | D:5      | Reached skill level 5 in Fighting
  5453 | D:5      | Found a shattered altar of Ashenzari.
  5595 | D:5      | HP: 12/50 [orc wizard/puff of frost (5)]
  5664 | D:5      | HP: 8/50 [centaur/arrow (15)]
  5665 | D:5      | Shot with an arrow by a centaur

Vault maps used:
D:1:      minmay_arrival_stair_chambers
D:3:      led_sif_pool, nemelex_deck, uniq_iyjb, uniq_crazy_yiuf_cottage
D:4:      grunt_temple_overflow_champion_of_chaos, grunt_decor_cap
D:5:      lemuel_round_altar, lemuel_temple_firewalk, first_bread,
          nicolae_ru_path_of_blood
Temple:   corrupted_temple

Action                   |  1- 3 |  4- 6 |  7- 9 || total
-------------------------+-------+-------+-------++-------
Melee: Dagger            |    75 |   111 |    58 ||   244
       Glaive            |     2 |       |       ||     2
Throw: Stone             |    26 |       |       ||    26
       Tomahawk          |       |    11 |     1 ||    12
Evoke: Wand              |       |     1 |       ||     1
  Use: Potion            |     1 |     1 |       ||     2
       Scroll            |     8 |     2 |     2 ||    12
 Stab: Sleeping          |    14 |     8 |       ||    22
       Distracted        |     1 |       |       ||     1
  Eat: Chunk             |     3 |     9 |     3 ||    15

Table legend:
 A = Turns spent in this place as a percentage of turns spent in the entire game.
 B = Non-inter-level travel turns spent in this place as a percentage of non-inter-level travel turns spent in the entire game.
 C = Inter-level travel turns spent in this place as a percentage of turns spent in this place.
 D = Turns resting spent in this place as a percentage of non-inter-level travel turns spent in this place.
 E = Turns spent auto-exploring this place as a percentage of non-inter-level travel turns spent in this place.
 F = Non-inter-level travel turns spent in this place divided by the number of levels of this place that you've seen.
                   A       B       C       D       E      F
               +-------+-------+-------+-------+-------+----------------------
         Total | 100.0 | 100.0 |   0.5 |   2.3 |   5.4 | 310.3
       Dungeon |  97.7 |  97.7 |   0.4 |   2.4 |   5.5 | 364.0
        Temple |   2.3 |   2.3 |   2.3 |   0.0 |   0.0 |  42.0
               +-------+-------+-------+-------+-------+----------------------

Vault maps used:
D:1:      minmay_arrival_stair_chambers
D:3:      led_sif_pool, nemelex_deck, uniq_iyjb, uniq_crazy_yiuf_cottage
D:4:      grunt_temple_overflow_champion_of_chaos, grunt_decor_cap
D:5:      lemuel_round_altar, lemuel_temple_firewalk, first_bread,
          nicolae_ru_path_of_blood
Temple:   corrupted_temple
